Map: Lerilak Crest

Players

마도로스 - Winner!

  • Race: Zerg Zerg
  • League: Grandmaster

State

  • Race: Protoss Protoss
  • League: Grandmaster

VOD

Have the link to the VOD?

Description

Time

  • Played on: Jan. 26, 2016, 2:32 p.m.
  • Length: 9:20
Show
View Real Time Build Order
Export as new Build Order

마도로스 Zerg - Winner!

Build Orders: Pool First 

Get SALT Encoding   

  12  0:01  Drone  
  13  0:09  Drone  
  14  0:16  Extractor  
  13  0:29  Spawning Pool  
  13  0:32  Drone  
  13  0:36  Drone  
  13  0:42  Extractor  
  13  0:45  Drone  
  15  0:53  Overlord  
  15  1:17  Zergling x6  
  15  1:18  Metabolic Boost  
  18  1:29  Zergling x2  
  19  1:44  Hatchery  
  18  1:57  Extractor, Queen  
  19  2:10  Drone  
  19  2:11  Drone x2  
  22  2:26  Overlord  
  21  2:33  Queen  
  20  2:46  Zergling x4  
  22  2:56  Queen  
  22  2:57  Zergling x4  
  27  3:05  Drone x2  
  27  3:06  Drone  
  27  3:11  Drone  
  27  3:12  Drone  
  31  3:23  Drone x2  
  33  3:29  Overlord  
  33  3:31  Drone  
  34  3:38  Drone  
  35  3:48  Drone x4  
  37  3:49  Drone x3  
  42  4:09  Roach Warren  
  41  4:10  Drone x2  
  41  4:11  Hatchery  
  41  4:18  Drone x2  
  41  4:20  Extractor  
  41  4:21  Overlord  
  41  4:22  Drone  
  43  4:30  Overlord  
  43  4:40  Drone  
  43  4:41  Drone x4  
  43  4:45  Lair  
  48  4:47  Drone  
  48  4:50  Drone x3  
  52  4:59  Overlord  
  52  5:00  Overlord  
  52  5:15  Roach x3  
  52  5:16  Overlord  
  52  5:21  Extractor  
  57  5:22  Roach x2  
  57  5:23  Roach  
  57  5:24  Drone x3  
  57  5:25  Drone  
  67  5:33  Roach  
  67  5:34  Roach  
  71  5:36  Drone  
  71  5:37  Drone  
  71  5:38  Extractor  
  71  5:41  Drone  
  74  5:50  Drone x5  
  74  5:52  Extractor  
  74  5:55  Overseer  
  77  5:57  Glial Reconstitution  
  77  5:58  Drone x3  
  77  5:59  Drone  
  81  6:09  Roach x3  
  87  6:15  Spore Crawler  
  87  6:18  Spore Crawler  
  82  6:21  Spore Crawler  
  82  6:24  Hydralisk Den  
  76  6:38  Drone  
  76  6:39  Drone x7  
  84  6:40  Overlord x2  
  84  6:44  Overlord x2  
  84  6:45  Extractor  
  83  6:53  Muscular Augments  
  83  6:54  Drone  
  83  6:55  Drone x3  
  87  7:02  Drone x3  
  87  7:05  Drone x6  
  96  7:11  Overlord x3  
  96  7:12  Overlord  
  96  7:25  Hydralisk x4  
  96  7:26  Hydralisk  
  96  7:29  Hydralisk  
  104  7:34  Hydralisk x2  
  107  7:40  Hydralisk  
  107  7:41  Hydralisk x2  
  105  7:58  Hydralisk x4  
  102  7:59  Hydralisk x2  
  102  8:04  Drone x3  
  118  8:05  Drone  
  118  8:11  Overlord  
  118  8:12  Overlord  
  116  8:29  Hydralisk  
  116  8:30  Hydralisk x6  
  128  8:36  Roach  
  128  8:37  Roach x2  
  132  8:41  Overseer  
  132  8:42  Overseer  
  132  8:46  Ravager x5  
  137  8:49  Zergling x16  
  137  8:51  Zergling x2  
  146  8:55  Zergling x2  
  146  8:56  Zergling x4  
Show
View Real Time Build Order
Export as new Build Order

State Protoss 

Build Orders:  

Get SALT Encoding   

  12  0:01  Probe (Chrono Boost)  
  13  0:11  Probe (Chrono Boost)  
  14  0:17  Pylon  
  14  0:22  Probe (Chrono Boost)  
  15  0:35  Probe (Chrono Boost)  
  16  0:37  Gateway  
  16  0:43  Assimilator  
  16  0:46  Probe (Chrono Boost)  
  17  0:56  Probe (Chrono Boost)  
  18  1:07  Probe (Chrono Boost), Gateway  
  19  1:17  Probe (Chrono Boost)  
  20  1:25  Cybernetics Core  
  20  1:28  Probe (Chrono Boost)  
  21  1:39  Probe (Chrono Boost)  
  22  1:41  Pylon  
  22  1:50  Probe (Chrono Boost)  
  23  2:03  Adept (Chrono Boost)  
  28  2:13  Probe  
  23  2:25  Probe  
  22  2:30  Adept (Chrono Boost)  
  22  2:33  Pylon  
  22  2:37  Probe  
  22  2:49  Probe (Chrono Boost)  
  22  2:50  Pylon  
  23  3:01  Probe (Chrono Boost), Warp Gate  
  23  3:04  Adept x2  
  28  3:06  Pylon  
  28  3:12  Probe (Chrono Boost)  
  29  3:22  Probe (Chrono Boost)  
  30  3:33  Probe (Chrono Boost), Adept x2  
  35  3:39  Pylon  
  36  3:50  Probe (Chrono Boost)  
  36  3:59  Nexus  
  36  4:05  Mothership Core (Chrono Boost)  
  38  4:18  Pylon  
  38  4:24  Probe (Chrono Boost)  
  39  4:34  Probe (Chrono Boost)  
  39  4:38  Stargate  
  40  4:45  Probe (Chrono Boost)  
  41  4:50  Assimilator  
  41  4:53  Assimilator  
  41  4:55  Probe (Chrono Boost)  
  42  5:04  Adept  
  42  5:05  Adept  
  42  5:06  Probe (Chrono Boost)  
  47  5:11  Probe (Chrono Boost)  
  48  5:16  Probe (Chrono Boost)  
  49  5:21  Probe (Chrono Boost)  
  49  5:27  Probe (Chrono Boost)  
  49  5:28  Oracle (Chrono Boost)  
  54  5:30  Probe  
  54  5:33  Pylon  
  55  5:39  Probe  
  55  5:41  Probe  
  56  5:46  Pylon  
  57  5:50  Assimilator  
  57  5:51  Probe x2  
  59  5:59  Oracle (Chrono Boost)  
  59  6:02  Probe  
  59  6:03  Probe  
  64  6:13  Probe  
  64  6:15  Probe  
  66  6:23  Probe  
  67  6:27  Probe  
  67  6:30  Oracle (Chrono Boost)  
  67  6:32  Gateway  
  71  6:33  Gateway  
  71  6:34  Robotics Facility  
  71  6:35  Twilight Council  
  71  6:38  Probe  
  72  6:40  Probe  
  72  6:44  Forge  
  73  6:47  Pylon  
  73  6:51  Pylon  
  73  6:56  Adept x2  
  77  7:03  Probe  
  78  7:11  Pylon  
  78  7:12  Pylon  
  78  7:16  Charge  
  78  7:17  Protoss Ground Weapons Level 1 (Chrono Boost)  
  71  7:43  Probe  
  63  7:44  Probe  
  63  7:50  Immortal  
  63  7:56  Zealot x2  
  71  7:59  Pylon  
  71  8:01  Nexus, Pylon  
  71  8:02  Pylon  
  71  8:04  Pylon  
  67  8:08  Pylon  
  67  8:11  Zealot  
  67  8:12  Zealot  
  69  8:22  Zealot  
  69  8:23  Zealot  
  69  8:26  Immortal  
  71  8:37  Zealot x2  
  75  8:42  Gateway  
  75  8:44  Gateway, Zealot x2  
  75  8:45  Gateway  
  83  8:55  Robotics Bay  
  83  9:05  Zealot x3  
  83  9:06  Zealot  
Tags
 
Add a new tag
Caveats
  • Supply blocks, unpowered buildings, or Contaminate may cause inaccurate times.
  • Supply counts are checked every 10 seconds.